 Dungeon Crawl Stone Soup version 0.26-a0-739-gf55cbd344a (webtiles) character file.

Game seed: 15176756149866420345

2010 snetch the Cudgeler (level 9, -1/78 HPs)
             Began as a Hill Orc Monk on Nov 4, 2020.
             Was a Priest of Beogh.
             Slain by a yak (11 damage)
             ... on level 7 of the Dungeon on Nov 5, 2020.
             The game lasted 00:24:22 (5501 turns).

snetch the Cudgeler (Hill Orc Monk)                 Turns: 5501, Time: 00:24:22

Health: -1/78      AC: 11    Str: 21    XL:     9   Next: 22%
Magic:  9/9        EV: 13    Int: 14    God:    Beogh [***...]
Gold:   389        SH:  5    Dex: 15    Spells: 8/8 levels left

rFire    . . .     SeeInvis .   a - +5 mace of Massacring {vorpal, Str+4 Int+4 Dex+2}
rCold    . . .     Faith    .   (no shield)
rNeg     . . .     Spirit   .   o - +0 chain mail
rPois    .         Reflect  +   (no helmet)
rElec    .         Harm     .   (no cloak)
rCorr    .         Rampage  .   j - +0 pair of gloves
MR       .....                  (no boots)
Stlth    ..........             y - amulet of reflection
HPRegen  0.23/turn              u - ring of stealth
MPRegen  0.11/turn              F - +4 ring of evasion

@: no status effects
A: no striking features
a: Smiting, Renounce Religion


You were on level 7 of the Dungeon.
You worshipped Beogh.
Beogh was most pleased with you.
You visited 2 branches of the dungeon, and saw 8 of its levels.

You collected 389 gold pieces.

Inventory:

Hand Weapons
 a - the +5 mace of Massacring (weapon) {vorpal, Str+4 Int+4 Dex+2}
   (You found it on level 4 of the Dungeon)

   It inflicts extra damage upon your enemies.
   It affects your strength (+4).
   It affects your intelligence (+4).
   It affects your dexterity (+2).
 b - a +3 whip of venom
 c - a +0 trident
 d - a +0 war axe
Missiles
 e - 228 stones
 i - 5 javelins
 l - 57 sling bullets
 n - 2 boomerangs
 s - 26 bolts
 w - 15 poisoned darts (quivered)
 D - 93 arrows
Armour
 j - a +0 pair of gloves (worn)
 o - a +0 chain mail (worn)
Magical Staves
 E - an uncursed staff of air {unknown}
Jewellery
 k - an uncursed amulet of faith
 u - a ring of stealth (left hand)
 y - an amulet of reflection (around neck)
 F - a +4 ring of evasion (right hand)
 I - an uncursed amulet of faith
 K - an uncursed amulet of faith
Wands
 p - a wand of paralysis (5)
 G - a wand of random effects (12)
Scrolls
 f - 10 scrolls of teleportation
 g - a scroll of noise
 r - 2 scrolls of amnesia
 t - 2 scrolls of enchant weapon {unknown}
 x - 2 scrolls of random uselessness {unknown}
 B - 3 scrolls of remove curse
 H - 3 scrolls of fear {unknown}
 L - a scroll of magic mapping {unknown}
Potions
 h - a potion of berserk rage
 m - 4 potions of brilliance {unknown}
 q - 2 potions of flight
 v - a potion of resistance {unknown}
 z - a potion of ambrosia {unknown}
 A - a potion of degeneration {unknown}
 C - 3 potions of curing
 J - a potion of haste {unknown}


   Skills:
 + Level 6.5 Fighting
 + Level 6.2(8.7) Axes
 + Level 7.9(8.6) Maces & Flails
 + Level 0.5 Throwing
 + Level 5.7 Armour
 + Level 3.3 Dodging
 + Level 3.4 Stealth
 + Level 0.4 Invocations


You had 8 spell levels left.
You didn't know any spells.
Your spell library was empty.

Dungeon Overview and Level Annotations

Branches:
Dungeon (7/15)             Temple (1/1) D:6

Altars:
Ashenzari
Cheibriados
Dithmenos
Elyvilon
Fedhas
Hepliaklqana
Kikubaaqudgha
Makhleb
Nemelex Xobeh
Okawaru
Ru
Sif Muna
Trog
Uskayaw
Vehumet
Wu Jian
Xom
Yredelemnul
Zin

Shops:
D:7 (!

Annotations:
D:2 dancing weapons behind glass
D:3 scrolls behind grate


Message History

You hit the yak.
You kill the yak!
Beogh accepts your kill.
Your orc looks more experienced.
Your orc warrior barely misses the white imp.
Unknown command.
You sock the orc warrior!
You kill the orc warrior!
Beogh accepts your kill.
Your orc warrior looks more experienced.
Your orc warrior barely misses the water moccasin zombie.
You barely miss the yak.
The yak is lightly wounded.
The white imp shouts, "Quit, thou pox-marked weather-bitten maggot-pie!"
The yak gores you!
* * * LOW HITPOINT WARNING * * *
It was a potion of curing.
You feel better. The yak gores you!
* * * LOW HITPOINT WARNING * * *
You feel better. The yak gores you!
You die...

##....†# ....... #......###
##....... #......<.#
####........ ##..∩...#.#
###...........
#.......#.####⌠.).#>......(
#......##.#....∩)##.......≈
#.###.###... #Zo⌠<#).......
#.. #.# #...##Y5#.†)†)†....
#.. ... .#.@YYY.###[o.....
#. ....# #######..........≈
._..## ...........≈ ......
#####........ ........
......( (...... ...


You could see 4 yaks, a white imp and a friendly orc warrior.

Vanquished Creatures
  2 yaks (D:7)
  An orc warrior (D:7)
  2 phantoms
  A sky beast (D:4)
  An ice beast (D:5)
  2 ogres
  A centaur (D:6)
  2 bullfrogs (D:6)
  3 howler monkeys
  A hound (D:6)
  A jelly (D:7)
  A centaur skeleton (D:6)
  3 orc priests
  7 orc wizards
  An iguana (D:4)
  Ijyb (D:3)
  3 worker ants
  2 hound skeletons (D:4)
  5 adders
  2 shadow imps
  An ufetubus (D:5)
  An adder skeleton (D:5)
  A worm (D:3)
  A dart slug (D:1)
  3 leopard geckos
  23 orcs
  11 giant cockroaches
  4 goblins
  7 hobgoblins
  A quokka (D:4)
  3 ball pythons
  6 bats
  8 frilled lizards
  4 kobolds
  15 rats
131 creatures vanquished.

Vanquished Creatures (collateral kills)
  A sky beast (D:6)
  A centaur (D:5)
  3 howler monkeys (D:7)
  An orc priest (D:7)
  A hound zombie (D:6)
  An adder (D:7)
  A shadow imp (D:7)
  An orc (D:5)
10 creatures vanquished.

Vanquished Creatures (others)
  An orc warrior (D:7)
  An orc wizard (D:7)
  An orc priest (D:4)
  5 orcs
  5 plants (D:7)
13 creatures vanquished.

Grand Total: 154 creatures vanquished

Notes
Turn   | Place    | Note
-------+----------+-------------------------------------------
     0 | D:1      | snetch the Hill Orc Monk began the quest for the Orb.
     0 | D:1      | Reached XP level 1. HP: 19/19 MP: 1/1
   147 | D:1      | Reached XP level 2. HP: 27/27 MP: 2/2
   368 | D:2      | Found a hide-covered altar of Uskayaw.
   368 | D:2      | Noticed a +0 dagger
   368 | D:2      | Noticed a +0 dagger
   446 | D:1      | Reached XP level 3. HP: 27/33 MP: 3/3
  1127 | D:3      | Found an iron altar of Okawaru.
  1162 | D:3      | Found a radiant altar of Vehumet.
  1226 | D:3      | Reached skill level 5 in Axes
  1229 | D:3      | Reached XP level 4. HP: 31/40 MP: 4/4
  1244 | D:3      | Reached skill level 1 in Armour
  1250 | D:3      | Noticed Ijyb
  1268 | D:3      | Paralysed by Ijyb for 3 turns
  1284 | D:3      | Paralysed by Ijyb for 2 turns
  1286 | D:3      | Killed Ijyb
  2008 | D:3      | Found an ornate altar of the Wu Jian Council.
  2215 | D:4      | Got a shimmering mace
  2217 | D:4      | Identified the +5 mace of Massacring {vorpal, Str+4 Int+4
                  | Dex+2} (You found it on level 4 of the Dungeon)
  2284 | D:3      | Found a bloodstained altar of Trog.
  2309 | D:3      | Reached XP level 5. HP: 46/47 MP: 5/5
  2525 | D:3      | Found a snail-covered altar of Cheibriados.
  2636 | D:3      | Found a glowing silver altar of Zin.
  2698 | D:4      | Noticed an ogre
  2702 | D:4      | Killed an ogre
  2722 | D:4      | Reached XP level 6. HP: 46/53 MP: 6/6
  2727 | D:4      | Became a worshipper of Beogh the Brigand
  2727 | D:4      | Reached * piety under Beogh
  2727 | D:4      | Reached ** piety under Beogh
  2731 | D:4      | Reached skill level 1 in Maces & Flails
  3245 | D:4      | Reached skill level 2 in Maces & Flails
  3289 | D:5      | Entered Level 5 of the Dungeon
  3289 | D:5      | Noticed a sky beast
  3302 | D:4      | Killed a sky beast
  3302 | D:4      | Reached skill level 5 in Fighting
  3302 | D:4      | Reached XP level 7. HP: 61/61 MP: 7/7
  3309 | D:4      | Reached skill level 3 in Maces & Flails
  3351 | D:5      | Found a hazy altar of Hepliaklqana.
  4075 | D:6      | Found a staircase to the Ecumenical Temple.
  4123 | D:5      | Found a sacrificial altar of Ru.
  4136 | D:5      | Reached skill level 4 in Maces & Flails
  4248 | D:5      | Upgraded the game from 0.26-a0-737-g4e9f4955e2 to
                  | 0.26-a0-739-gf55cbd344a
  4291 | D:6      | Reached *** piety under Beogh
  4294 | D:6      | Reached skill level 5 in Maces & Flails
  4294 | D:6      | Reached XP level 8. HP: 61/69 MP: 8/8
  4416 | Temple   | Entered the Ecumenical Temple
  4788 | D:4      | Reached skill level 6 in Maces & Flails
  5168 | D:6      | Reached skill level 5 in Armour
  5199 | D:6      | Found a shimmering altar of Xom.
  5208 | D:6      | Found a shadowy altar of Dithmenos.
  5270 | D:7      | Found Huma's Antique Weapon Shoppe.
  5278 | D:7      | Found a blossoming altar of Fedhas.
  5470 | D:7      | Found Voen's Distillery.
  5471 | D:7      | Noticed a yak
  5471 | D:7      | Noticed a yak
  5472 | D:7      | Noticed a yak
  5473 | D:7      | Reached skill level 7 in Maces & Flails
  5477 | D:7      | Noticed a yak
  5480 | D:7      | Reached XP level 9. HP: 54/75 MP: 9/9
  5499 | D:7      | HP: 2/78 [yak (7)]
  5501 | D:7      | Slain by a yak

Illustrated notes

Levels and vault maps discovered:
D:1:      dpeg_arrival_ratfight, layout_loops_ring, minmay_worlds_worst_comb
D:2:      layout_basic, dancing_weapons_uskayaw, minmay_misc_feat_secret_circle
D:3:      layout_loops_ring, marbit_many_paths, zin_scriptorium,
          lemuel_crystal_altar, nicolae_overflow_hidden_temple,
          lemuel_crystal_altar, fiery_altar_vehumet, uniq_ijyb
D:4:      layout_loops_ring
D:5:      layout_cave_pools, kennysheep_mini_moat,
          nicolae_ru_great_annihilating_truth
D:6:      layout_rooms, xom_teletrap_fun, minmay_temple_entry_mist,
          nicolae_dithmenos_through_a_glass_darkly
D:7:      layout_rooms, nicolae_tso_swordbearing_angel, grunt_qazlal_sundering,
          serial_shops, nicolae_shop_overgrown_old_shop, shop_fountains,
          shop_fountains, basic_altar
Temple:   compressed_dpeg_triangle_lava_temple

Skill      XL: |  1  2  3  4  5  6  7  8 |
---------------+-------------------------+-----
Fighting       | 4 5 6 |  6.5
Axes           | 5 6 |  6.2
Armour         | 1 2 3 5 |  5.7
Stealth        | 2 3 |  3.4
Maces & Flails | 2 5 7 |  7.9
Dodging        | 3 |  3.3
Throwing       | |  0.5
Invocations    | |  0.4

Action                   |  1- 3 |  4- 6 |  7- 9 || total
-------------------------+-------+-------+-------++-------
Melee: Hand axe          |   123 |    50 |       ||   173
       Mace              |       |    59 |   157 ||   216
       Whip              |       |       |    32 ||    32
Throw: Stone             |       |    13 |       ||    13
       Javelin           |       |     1 |       ||     1
Invok: Smiting           |       |     1 |       ||     1
       Convert to Beogh  |       |     1 |       ||     1
  Use: Scroll            |       |     5 |     2 ||     7
       Potion            |       |     1 |     2 ||     3
 Stab: Sleeping          |     4 |     7 |       ||    11
       Distracted        |       |     1 |       ||     1
       Invisible         |       |       |     1 ||     1
       Paralysed         |       |       |     1 ||     1
Armor: Ring mail         |    39 |    30 |       ||    69
       Robe              |     2 |       |       ||     2
       Scale mail        |       |    16 |       ||    16
       Chain mail        |       |     9 |    82 ||    91
Dodge: Dodged            |    81 |    46 |    98 ||   225
Block: Other             |       |    16 |    45 ||    61

Table legend: (Time is in decaauts)
 A = Elapsed time spent in this place.
 B = Non-inter-level travel time spent in this place.
 C = Inter-level travel time spent in this place.
 D = Time resting spent in this place.
 E = Time spent auto-exploring this place.
 F = Levels seen in this place.
 G = Mean time per level.
                   A        B        C        D        E       F      G
               +--------+--------+--------+--------+--------+-----+--------+
         Total |   5554 |   5242 |    312 |     78 |   2863 |   8 |  694.2 |
       Dungeon |   5265 |   4974 |    291 |     78 |   2863 |   7 |  752.1 |
        Temple |    288 |    267 |     21 |      0 |      0 |   1 |  288.0 |
               +--------+--------+--------+--------+--------+-----+--------+

Top non-repeatable levels by time:
     D:4: 1379 daAuts
     D:1: 1026 daAuts
     D:3: 856 daAuts
     D:2: 839 daAuts
     D:5: 664 daAuts
     D:6: 430 daAuts
  Temple: 288 daAuts
     D:7: 70 daAuts
